 Dungeon Crawl Stone Soup version 0.23.1-37-gaa34b87 (webtiles) character file.

Game seed: 12443353115876648044

53 Borgoz the Sneak (level 3, -1/27 HPs)
             Began as a Ghoul Enchanter on Mar 22, 2019.
             Slain by a worm (10 damage)
             ... on level 2 of the Dungeon.
             The game lasted 00:02:25 (1000 turns).

Borgoz the Sneak (Ghoul Enchanter)                  Turns: 1000, Time: 00:02:25

Health: -1/27      AC:  3    Str: 11    XL:     3   Next: 87%
Magic:  4/4        EV: 12    Int: 10    God:
Gold:   56         SH:  0    Dex: 10    Spells: 2/5 levels left

rFire    + . .     SeeInvis .   g - +0 short sword
rCold    + . .     Gourm    .   (no shield)
rNeg     + + +     Faith    .   b - +0 robe
rPois    ∞         Spirit   .   (no helmet)
rElec    .         Reflect  .   (no cloak)
rCorr    .         Harm     .   (no gloves)
MR       .....                  i - +0 pair of boots
Stlth    ++........             (no amulet)
HPRegen  0.00/turn              f - ring of protection from fire
MPRegen  0.09/turn              (no ring)

@: rotting
A: rotting body, claws 1, carnivore, cold resistance 1, negative energy
resistance 3, inhibited regeneration, torment resistance, unbreathing
a: no special abilities


You were on level 2 of the Dungeon.
You were not hungry.

You visited 1 branch of the dungeon, and saw 2 of its levels.

You collected 56 gold pieces.

Inventory:

Hand Weapons
 g - a +0 short sword (weapon)
Missiles
 h - 14 poisoned needles
Armour
 b - a +0 robe (worn)
 i - a +0 pair of boots (worn)
Jewellery
 f - a ring of protection from fire (left claw)
Scrolls
 a - a scroll of remove curse {unknown}
Potions
 c - a potion of magic
Comestibles
 d - 3 rations
 k - 10 chunks of flesh


   Skills:
 + Level 0.4 Fighting
 * Level 1.7 Short Blades
 * Level 1.4 Armour
 * Level 2.4 Dodging
 - Level 3.3 Stealth
 - Level 1.8 Spellcasting
 - Level 2.4 Hexes


You had 2 spell levels left.
You knew the following spells:

 Your Spells              Type           Power        Failure   Level  Hunger
a - Corona                Hex            #......      12%         1    ##.....
b - Ensorcelled Hibernat  Hex/Ice        #.....       28%         2    ###....

Your spell library contained the following spells:

 Spells                   Type           Power        Failure   Level  Hunger
 Confuse                  Hex            #.......     34%         3    ####...
 Tukima's Dance           Hex            #.......     34%         3    ####...
 Dazzling Spray           Conj/Hex       #.....       50%         3    ####...


Dungeon Overview and Level Annotations

Branches:
Dungeon (2/15)

Altars:


Innate Abilities, Weirdness & Mutations

Your body is rotting away.
You thrive on raw meat.
You are immune to poison.
You have sharp fingernails.
You are carnivorous and can eat meat at any time.
Your flesh is cold resistant. (rC+)
You are immune to negative energy. (rN+++)
You do not regenerate when monsters are visible.
You are immune to unholy pain and torment.
You can survive without breathing.


Message History

The worm is moderately wounded.
The worm bites you!
You barely miss the worm.
The worm is lightly wounded.
The worm bites you!
You are too injured to fight recklessly!
You are too injured to fight recklessly!
You are too injured to fight recklessly!
It was a potion of berserk rage.
You cannot raise a blood rage in your lifeless body.
You barely miss the worm.
The worm is lightly wounded.
The worm misses you.
You hit the worm but do no damage.
The worm is lightly wounded.
You hit the worm but do no damage.
The worm is lightly wounded.
The worm misses you.
You barely miss the worm. The worm bites you!
You die...

#.## #.....### #..#
.... ... #..#
#..##.### #..#
#........ ###..#
#........
.....##########...#
#...............#
#..###########..#
.##..####### #@.#
...............w..#
###.##.#.###......#
###.##.#.# #.######
............
######.#.## ######
#.# ...... . ######


You could see a worm.

Vanquished Creatures
  2 oozes (D:1)
  A dart slug (D:1)
  A giant cockroach (D:2)
  10 goblins
  6 hobgoblins
  8 jackals (D:1)
  2 ball pythons (D:1)
  A bat (D:1)
  2 frilled lizards (D:1)
  4 kobolds
  3 rats
40 creatures vanquished.

Notes
Turn   | Place    | Note
-------+----------+-------------------------------------------
     0 | D:1      | Borgoz the Ghoul Enchanter began the quest for the Orb.
     0 | D:1      | Reached XP level 1. HP: 14/14 MP: 2/2
    17 | D:1      | Reached skill level 1 in Short Blades
    19 | D:1      | Reached XP level 2. HP: 11/20 MP: 3/3
   219 | D:1      | Reached skill level 1 in Armour
   249 | D:1      | Reached XP level 3. HP: 8/26 MP: 4/4
   261 | D:1      | Learned a level 2 spell: Ensorcelled Hibernation
  1000 | D:2      | Slain by a worm

Skill      XL: |  1  2 |
---------------+-------+-----
Short Blades   | 1 |  1.7
Dodging        | 2 |  2.4
Armour         | 1 |  1.4
Fighting       | |  0.4
Stealth        | |  3.3
Spellcasting   | |  1.8
Hexes          | |  2.4

Action                   || total
-------------------------++-------
Melee: Dagger            ||   158
       Short sword       ||    29
  Use: Scroll            ||     2
       Potion            ||     1
 Stab: Sleeping          ||     6
  Eat: Chunk             ||    24
Armor: Robe              ||    43
Dodge: Dodged            ||   113
